 Dungeon Crawl Stone Soup version 0.26.1-11-gd32895ea62 (webtiles) character file.

Game seed: 6613950261075834217

122 Zeld the Cudgeller (level 5, 0/36 HPs)
             Began as an Octopode Monk on May 16, 2021.
             Slain by Grinder (7 damage)
             ... on level 3 of the Dungeon.
             The game lasted 00:02:54 (3228 turns).

Zeld the Cudgeller (Octopode Monk)                  Turns: 3228, Time: 00:02:55

Health: 0/36       AC:  1    Str: 11    XL:     5   Next: 6%
Magic:  8/8        EV: 14    Int: 13    God:
Gold:   93         SH:  0    Dex: 14    Spells: 8/8 levels left

rFire    . . .     SeeInvis .   a - +0 mace
rCold    . . .     Faith    .   (no shield)
rNeg     . . .     Spirit   .   (helmet restricted)
rPois    .         Reflect  .   (no amulet)
rElec    .         Harm     .   (no ring)
rCorr    .         Rampage  .   (no ring)
Will     .....                  (no ring)
Stlth    +++.......             (no ring)
HPRegen  0.12/turn              (no ring)
MPRegen  0.11/turn              (no ring)
                                (no ring)
                                (no ring)

@: no status effects
A: almost no armour, stealthy swim, amphibious, 8 rings, constrict 8, camouflage
1, gelatinous body 1
a: no special abilities


You were on level 3 of the Dungeon.
You visited 1 branch of the dungeon, and saw 3 of its levels.

You collected 93 gold pieces.

Inventory:

Hand Weapons
 a - a +0 mace (weapon)
Jewellery
 j - an uncursed ring of poison resistance {unknown}
Scrolls
 b - 2 scrolls of teleportation {unknown}
 c - 3 scrolls of noise {unknown}
 f - 2 scrolls of random uselessness {unknown}
 g - 4 scrolls of remove curse {unknown}
 h - 3 scrolls of identify {unknown}
Potions
 d - 3 potions of ambrosia {unknown}
 e - 4 potions of curing {unknown}
 i - a potion of mutation {unknown}
 k - a potion of heal wounds {unknown}
 l - a potion of haste {unknown}


   Skills:
 - Level 3.0 Fighting
 * Level 4.9 Maces & Flails
 - Level 3.0 Dodging
 - Level 2.6 Stealth
 + Level 2.1 Spellcasting


You had 8 spell levels left.
You didn't know any spells.
Your spell library was empty.

Dungeon Overview and Level Annotations

Branches:
Dungeon (3/15)

Altars:

Annotations:
D:3 Grinder, Ijyb


Innate Abilities, Weirdness & Mutations

You cannot wear most types of armour.
You are very stealthy in the water. (Stealth+)
You are amphibious.
You can wear up to eight rings at the same time.
You can use your tentacles to constrict eight enemies at once.
Your skin changes colour to match your surroundings (Stealth+).
Your rubbery body absorbs attacks. (AC +1, EV +1)


Message History

You see here a hobgoblin corpse.
Grinder is nearby!
You are too injured to fight recklessly!
Grinder is nearby!
You are too injured to fight recklessly!
You are too injured to fight recklessly!
You are too injured to fight recklessly!
You hit Grinder but do no damage. You grab Grinder.
You constrict Grinder, but do no damage.
Grinder misses you. Grinder barely misses you.
You hit Grinder. You squeeze Grinder, but do no damage.
Grinder is lightly wounded.
You constrict Grinder. Grinder hits you!
* * * LOW HITPOINT WARNING * * *
You writhe in agony.
* * * LOW HITPOINT WARNING * * *
You hit Grinder but do no damage.
Grinder is lightly wounded.
You constrict Grinder. Grinder hits you!
You die...

#..............##
#.#.###.#####....#
#.##.# #....# ##...#
###....####
#.#.####.........#
#.#.[.............#
# #.
#..####.........# .#
#.##..######.....###
.#
#..........@.....#
.#
####..####5##....#
## #..## #. ####.# #
#######...# #$ .# #
#.........# #. .# #
#.#####...# #. # #.#
#....... ###.#
#######. ....# ##


You could see Grinder.

Vanquished Creatures
  A gnoll (D:1)
  5 adders (D:2)
  2 worms (D:2)
  2 dart slugs
  5 leopard geckos
  2 orcs
  A giant cockroach (D:3)
  4 goblins
  5 hobgoblins
  4 jackals (D:1)
  5 kobolds
  A quokka (D:2)
  7 bats
  3 frilled lizards
  3 rats
50 creatures vanquished.

Vanquished Creatures (others)
  A rat (D:2)
  5 plants (D:2)
6 creatures vanquished.

Grand Total: 56 creatures vanquished

Notes
Turn   | Place    | Note
-------+----------+-------------------------------------------
     0 | D:1      | Zeld the Octopode Monk began the quest for the Orb.
     0 | D:1      | Reached XP level 1. HP: 16/16 MP: 1/1
   177 | D:1      | Reached XP level 2. HP: 16/21 MP: 2/2
   456 | D:1      | Reached skill level 1 in Spellcasting
   580 | D:1      | Reached XP level 3. HP: 16/26 MP: 4/4
   796 | D:1      | Reached skill level 4 in Maces & Flails
  1362 | D:2      | Reached XP level 4. HP: 29/31 MP: 6/6
  2289 | D:3      | Noticed Ijyb
  2290 | D:3      | Paralysed by Ijyb for 4 turns
  2899 | D:2      | Reached XP level 5. HP: 23/36 MP: 8/8
  3224 | D:3      | Noticed Grinder
  3228 | D:3      | Slain by Grinder

Illustrated notes

Levels and vault maps discovered:
D:1:      minmay_arrival_open_corners, layout_loops_ring, due_unseen_surprise
D:2:      layout_rooms, serial_forest, infiniplex_forest_diagonal,
          infiniplex_forest_end_3, infiniplex_forest_straight_5,
          infiniplex_forest_clump_tiny, infiniplex_forest_end_3,
          infiniplex_forest_lined_room_3, infiniplex_forest_clump_long,
          minmay_misc_feat_iff
D:3:      layout_loops_ring, uniq_ijyb, uniq_grinder

Skill      XL: |  1  2  3  4 |
---------------+-------------+-----
Spellcasting   | 1 2 |  2.1
Maces & Flails | 4 |  4.9
Fighting       | |  3.0
Dodging        | |  3.0
Stealth        | |  2.6

Action                   |  1- 3 |  4- 6 || total
-------------------------+-------+-------++-------
Melee: Mace              |    53 |    64 ||   117
       Tentacles         |    11 |    17 ||    28
       Constrict         |    14 |    19 ||    33
 Stab: Sleeping          |    11 |     3 ||    14
       Distracted        |     1 |       ||     1
Armor: Skin              |    10 |     7 ||    17
Dodge: Dodged            |    53 |    63 ||   116
